 Dungeon Crawl Stone Soup version 0.31.0-32-g396128a36d (webtiles) character file.

Game seed: 9824565381724729286

17520 PaiMei the Dealer of Despair (level 12, -1/97 HPs)
             Began as a Demonspawn Necromancer on Mar 29, 2024.
             Was an Elder of Kikubaaqudgha.
             Slain by a torpor snail (18 damage)
             ... on level 2 of the Lair of Beasts.
             The game lasted 00:23:59 (16528 turns).

PaiMei the Dealer of Despair (DsNe)                Turns: 16528, Time: 00:24:00

Health: -1/97      AC:  6    Str:  9    XL:     12   Next: 19%
Magic:  17/25      EV: 16    Int: 20    God:    Kikubaaqudgha [****..]
Gold:   547        SH:  0    Dex: 14    Spells: 7/30 levels left

rFire   . . .        a - +10 rapier "Bimehuiw" {flame, Stlth+}
rCold   . . .        (no shield)
rNeg    + . .        i - +0 steam dragon scales
rPois   .            (no helmet)
rElec   .            (cloak unavailable)
rCorr   .            H - +0 pair of gloves
SInv    .            (no boots)
Will    .....        (no amulet)
Stlth   +++          r - ring of positive energy
HPRegen 0.36/turn    (no ring)
MPRegen 0.19/turn

%: no passive effects
@: slowed, very slow
A: demonic guardian 3, ignite blood 3, weakness stinger 3
a: Renounce Religion, Unearth Wretches


You were on level 2 of the Lair of Beasts.
You worshipped Kikubaaqudgha.
Kikubaaqudgha was greatly pleased with you.
You visited 3 branches of the dungeon, and saw 14 of its levels.
You also visited: Bailey.

You collected 667 gold pieces.
You spent 120 gold pieces at shops.

Inventory:

Hand Weapons
 a - the +10 rapier "Bimehuiw" (weapon) {flame, Stlth+}
   (You found it on level 9 of the Dungeon)

   Stlth+:    It makes you more stealthy.
 m - a +2 short sword of venom
 B - a +4 spear of flaming
 D - a +3 flail of freezing
Missiles
 j - 8 poisoned darts
 n - 2 throwing nets
 A - 6 darts of dispersal (quivered)
 I - 2 silver javelins
Armour
 e - an orb of energy
 i - +0 steam dragon scales (worn)
 H - a +0 pair of gloves (worn)
Magical Staves
 z - a staff of death
Jewellery
 p - an amulet of faith
 r - a ring of positive energy (left hand)
Wands
 q - a wand of paralysis (4)
 v - a wand of flame (20)
 E - a wand of polymorph (8)
Scrolls
 f - 3 scrolls of teleportation
 h - a scroll of amnesia
 o - a scroll of immolation
 t - a scroll of vulnerability
 y - a scroll of fear
 C - 4 scrolls of enchant armour
 J - a scroll of poison
 K - a scroll of fog
Potions
 b - 2 potions of magic
 c - a potion of might {unknown}
 d - 3 potions of haste
 g - 3 potions of ambrosia
 k - 2 potions of mutation
 l - 6 potions of curing
 s - a potion of brilliance
 u - 3 potions of heal wounds
 x - a potion of enlightenment {unknown}
 F - a potion of cancellation {unknown}
 G - a potion of attraction {unknown}


   Skills:
 + Level 10.1 Fighting
 + Level 9.5 Dodging
 - Level 2.0 Stealth
 + Level 9.6 Spellcasting
 + Level 11.9 Necromancy


You had 7 spell levels left.
You knew the following spells:

 Your Spells              Type           Power      Damage    Failure   Level
a - Necrotise             Necr           100%       1d9       1%          1
b - Vampiric Draining     Necr           55%        2d9       1%          3
c - Animate Dead          Necr           55%        N/A       1%          4
d - Curse of Agony        Necr           55%        N/A       1%          5
e - Dispel Undead         Necr           55%        3d20      1%          4
f - Sublimation of Blood  Necr           55%        N/A       1%          2
g - Martyr's Knell        Necr/Summ      33%        N/A       6%          4

Your spell library contained the following spells:

 Spells                   Type           Power      Damage    Failure   Level
 Kiss of Death            Conj/Necr      100%       2d13      1%          1
 Fugue of the Fallen      Necr           55%        N/A       1%          3
 Apportation              Tloc           18%        N/A       8%          1
 Sting                    Conj/Alch      36%        1d5       8%          1
 Summon Small Mammal      Summ           36%        N/A       8%          1
 Death Channel            Necr           27%        N/A       9%          6
 Borgnjor's Vile Clutch   Necr/Erth      16%        N/A       17%         5
 Confusing Touch          Hex            9%         N/A       22%         3
 Frozen Ramparts          Ice            18%        1d3       22%         3
 Volatile Blastmotes      Fire/Tloc      18%        2d11      22%         3
 Fulminant Prism          Conj/Alch      4%         3d5       58%         4
 Iskenderun's Mystic Bla  Conj/Tloc      9%         2d4       58%         4
 Leda's Liquefaction      Alch/Erth      4%         N/A       58%         4
 Petrify                  Alch/Erth      9%         N/A       58%         4
 Metabolic Englaciation   Hex/Ice        4%         N/A       90%         5


Dungeon Overview and Level Annotations

Branches:
Dungeon (11/15)            Temple (1/1) D:4            Lair (2/5) D:8
    Orc (0/2) D:10         Bailey (visited)
  Swamp: Lair:2-3    Shoals: Lair:2-3     Snake: Lair:2-3    Spider: Lair:2-3

Altars:
Ashenzari
Cheibriados
Dithmenos
Fedhas
Gozag
Hepliaklqana
Kikubaaqudgha
Makhleb
Nemelex Xobeh
Okawaru
Qazlal
Ru
Sif Muna
Trog
Uskayaw
Vehumet
Wu Jian
Xom
Yredelemnul

Shops:
D:1 [   D:9 ?([!

Annotations:
D:9 Erolcha


Innate Abilities, Weirdness & Mutations

A powerful demonic guardian rushes to your aid.
Your demonic aura causes all spilled blood to erupt in flames.
You have a sharp stinger which inflicts weakening toxins.


Message History

Casting: Necrotise (safe; 1% risk of failure)
Confirm with . or Enter, or press ? or * to list all spells.
Aiming: Vampiric Draining (safe; 1% risk of failure)
Press: ? - help, Shift-Dir - straight line, f/p - yak
Aim: a yak You draw life force from the yak!
You feel life coursing into your body.
The water moccasin bites you but does no damage.
The yak gores you! The water moccasin bites you.
You hit the water moccasin. You burn the water moccasin.
The water moccasin is moderately wounded.
The fungus is engulfed in blazing flames.
The fungus begins to die.
The water moccasin bites you. The yak gores you.
The water moccasin barely misses you. The yak gores you.
The yak barely misses you.
The torpor snail bites you but does no damage.
Casting: Vampiric Draining (safe; 1% risk of failure)
Confirm with . or Enter, or press ? or * to list all spells.
Aiming: Vampiric Draining (safe; 1% risk of failure)
Press: ? - help, Shift-Dir - straight line, f/p - yak
Aim: a yak (moderately wounded)
You draw life force from the yak!
You feel life coursing into your body.
The fungus is engulfed in blazing flames.
A nearby fungus withers and dies.
The water moccasin misses you. The yak gores you. The yak closely misses you.
The water moccasin bites you. The torpor snail completely misses you.
The yak misses you.
Casting: Vampiric Draining (safe; 1% risk of failure)
Confirm with . or Enter, or press ? or * to list all spells.
Aiming: Vampiric Draining (safe; 1% risk of failure)
Press: ? - help, Shift-Dir - straight line, f/p - yak
Aim: a yak (heavily wounded)
You draw life force from the yak!
You feel life coursing into your body. The water moccasin misses you.
The water moccasin bites you. The yak gores you!
The yak is engulfed in blazing flames.
The yak gores you!
* * * LOW HITPOINT WARNING * * *
A demonic guardian appears!
The yak is engulfed in blazing flames.
You kill the yak!
Kikubaaqudgha accepts your kill. The torpor snail bites you!!
You die...
Kikubaaqudgha rasps: "You have failed me!
Welcome... death!"

#######..##...####P#
.......<............
#.##.....#PP##..P..
#....#####P.P.#
#.^..........#
#....#.......#
#.^...#.......#
#.#...##3YYw..#
^^##...#.kS@§..# .#^
##..##.##○.## #
...#../ #.# #.......
... ......YY....
^...............
........$.......
................


You could see a torpor snail, 2 yaks, a rime drake (ally target), a water
moccasin and a friendly sixfirhy (summoned).

Vanquished Creatures
  A boulder beetle (Lair:1)
  3 two-headed ogres
  Pikel (D:4)
  A manticore (D:10)
  An elephant (Lair:1)
  A torpor snail (Lair:1)
  An unseen horror (D:11)
  A cane toad (Lair:1)
  2 komodo dragons (Lair:1)
  A rime drake (Lair:1)
  A hornet (D:9)
  2 trolls
  A shadow (D:9)
  2 wyverns
  A vampire (D:10)
  10 yaks
  A basilisk (Lair:1)
  3 steam dragons
  A two-headed ogre zombie (D:10)
  3 water moccasins
  3 black bears
  5 orc warriors
  2 ogres (D:4)
  2 wolves (D:8)
  2 centaurs
  5 bullfrogs
  A gnoll sergeant (D:4)
  4 wights (D:8)
  2 scorpions (D:6)
  4 howler monkeys
  3 bombardier beetles
  8 hounds
  A bullfrog zombie (Lair:1)
  A jelly (D:7)
  12 orc priests
  A gnoll bouda (D:8)
  A sleepcap (D:6)
  2 iguanas
  15 orc wizards
  19 gnolls
  13 adders
  A shadow imp (D:7)
  2 white imps
  A dart slug (D:4)
  2 ribbon worms (D:3)
  47 orcs
  8 bats
  5 endoplasms
  A giant cockroach (D:4)
  9 goblins
  8 hobgoblins
  2 jackals (D:5)
  6 quokkas
  9 ball pythons
  3 frilled lizards
  11 kobolds
  6 rats
265 creatures vanquished.

Vanquished Creatures (collateral kills)
  A boulder beetle (D:10)
  A two-headed ogre (D:10)
  A death yak (Lair:1)
  2 elephants (Lair:1)
  A torpor snail (Lair:1)
  A hornet (D:9)
  5 blink frogs (Lair:1)
  2 wraiths (D:9)
  6 yaks (Lair:1)
  6 wights
  2 sleepcaps
  A gnoll (D:4)
  A dart slug (D:2)
  5 orcs
  A quokka (D:5)
  A ball python (D:2)
  A kobold (D:1)
  A rat (D:1)
39 creatures vanquished.

Vanquished Creatures (others)
  A two-headed ogre zombie (D:10)
  A komodo dragon zombie (Lair:1)
2 creatures vanquished.

Grand Total: 306 creatures vanquished

Notes
Turn   | Place    | Note
-------+----------+-------------------------------------------
     0 | D:1      | PaiMei the Demonspawn Necromancer began the quest for the
                  | Orb.
     0 | D:1      | Reached XP level 1. HP: 13/13 MP: 3/3
   180 | D:1      | Gained mutation: A weak demonic guardian rushes to your
                  | aid. [demonic ancestry]
   180 | D:1      | Reached XP level 2. HP: 19/19 MP: 1/5
   384 | D:1      | Found Qets's Armour Boutique.
   552 | D:1      | Reached XP level 3. HP: 25/25 MP: 3/6
   556 | D:1      | Learned a level 3 spell: Vampiric Draining
   861 | D:2      | Found a faded altar of an unknown god.
   915 | D:2      | Reached skill level 1 in Fighting
  1063 | D:2      | Gained mutation: Your demonic aura sometimes causes spilled
                  | blood to erupt in flames. [demonic ancestry]
  1063 | D:2      | Reached XP level 4. HP: 32/32 MP: 3/7
  1600 | D:3      | Reached skill level 5 in Necromancy
  1622 | D:3      | Gained mutation: You have a small tail. [demonic ancestry]
  1622 | D:3      | Reached XP level 5. HP: 34/38 MP: 3/9
  2385 | D:3      | Gained mutation: You have a tail ending in a sharp stinger.
                  | [demonic ancestry]
  2385 | D:3      | Reached XP level 6. HP: 43/46 MP: 6/11
  3194 | D:4      | Found a staircase to the Ecumenical Temple.
  3203 | Temple   | Entered the Ecumenical Temple
  3227 | Temple   | Became a worshipper of Kikubaaqudgha
  3389 | D:4      | Reached skill level 6 in Necromancy
  3389 | D:4      | Gained mutation: Your demonic aura often causes spilled
                  | blood to erupt in flames. [demonic ancestry]
  3389 | D:4      | Reached XP level 7. HP: 52/52 MP: 4/12
  3734 | D:4      | Noticed Pikel
  3743 | D:4      | Killed Pikel
  3744 | D:4      | Gained mutation: A demonic guardian rushes to your aid.
                  | [demonic ancestry]
  3744 | D:4      | Reached XP level 8. HP: 12/61 MP: 2/15
  4427 | D:5      | Entered Level 5 of the Dungeon
  4681 | D:5      | Reached skill level 7 in Necromancy
  4689 | D:5      | Reached skill level 5 in Spellcasting
  4972 | D:5      | Reached skill level 5 in Fighting
  4972 | D:5      | Reached skill level 5 in Dodging
  6540 | D:6      | Reached XP level 9. HP: 57/69 MP: 0/17
  6628 | D:6      | Reached * piety under Kikubaaqudgha
  6628 | D:6      | Received a gift from Kikubaaqudgha
  7314 | D:7      | Reached skill level 8 in Necromancy
  8355 | D:8      | Noticed a troll
  8394 | D:8      | Found a flagged portal.
  8481 | Bailey   | Entered a bailey
  8732 | D:8      | Learned a level 4 spell: Animate Dead
  8735 | D:8      | Learned a level 2 spell: Sublimation of Blood
  9028 | D:8      | Found a staircase to the Lair.
  9038 | D:8      | Reached ** piety under Kikubaaqudgha
  9658 | D:8      | Killed a troll
  9659 | D:8      | Reached skill level 9 in Necromancy
  9776 | D:8      | Gained mutation: A powerful demonic guardian rushes to your
                  | aid. [demonic ancestry]
  9776 | D:8      | Reached XP level 10. HP: 79/79 MP: 8/20
 11091 | D:9      | Found Sarch's Distillery.
 11151 | D:9      | Noticed a two-headed ogre
 11163 | D:9      | Killed a two-headed ogre
 11352 | D:9      | Learned a level 5 spell: Curse of Agony
 11354 | D:9      | Bought a potion of curing for 45 gold pieces
 11354 | D:9      | Bought a potion of heal wounds for 75 gold pieces
 11379 | D:9      | Found Nuach's Antique Armour Shop.
 11725 | D:9      | Identified the +10 rapier "Bimehuiw" {flame, Stlth+}
 11903 | D:9      | Reached skill level 10 in Necromancy
 12254 | D:9      | Found Gasumag's Weapon Shop.
 12340 | D:9      | Noticed Erolcha
 12679 | D:9      | Found Vuhacuf's Magic Scroll Shop.
 12927 | D:10     | Entered Level 10 of the Dungeon
 12945 | D:10     | Noticed a two-headed ogre
 12951 | D:10     | Killed a two-headed ogre
 13071 | D:10     | Gained mutation: Your demonic aura causes all spilled blood
                  | to erupt in flames. [demonic ancestry]
 13071 | D:10     | Reached XP level 11. HP: 64/87 MP: 9/23
 13149 | D:10     | Found a staircase to the Orcish Mines.
 13161 | D:10     | Noticed a two-headed ogre
 13179 | D:10     | Reached *** piety under Kikubaaqudgha
 13179 | D:10     | Received a gift from Kikubaaqudgha
 13264 | D:10     | Killed a two-headed ogre
 13433 | D:10     | Found a basalt altar of Yredelemnul.
 13501 | D:10     | Noticed a boulder beetle
 13532 | D:10     | Killed a boulder beetle
 14096 | D:10     | Noticed a two-headed ogre
 14106 | D:10     | Killed a two-headed ogre
 14397 | D:11     | Learned a level 4 spell: Dispel Undead
 14402 | D:11     | Learned a level 4 spell: Martyr's Knell
 14507 | D:11     | Reached skill level 11 in Necromancy
 14670 | Lair:1   | Entered Level 1 of the Lair of Beasts
 14712 | Lair:1   | Noticed a death yak
 14907 | Lair:1   | Noticed a boulder beetle
 15616 | Lair:1   | Killed a boulder beetle
 15617 | Lair:1   | Gained mutation: You have a sharp stinger which inflicts
                  | weakening toxins. [demonic ancestry]
 15617 | Lair:1   | Reached XP level 12. HP: 54/97 MP: 14/25
 15758 | Lair:1   | Reached skill level 10 in Fighting
 15760 | Lair:1   | Reached **** piety under Kikubaaqudgha
 16329 | Lair:1   | Killed a death yak
 16528 | Lair:2   | Slain by a torpor snail

Illustrated notes

Levels and vault maps discovered:
D:1:      wander_arrival_peaceful_grave, layout_rooms, serial_shops, shop
D:2:      layout_basic, nicolae_ecumenical_oubliette, minmay_3d_cube
D:3:      layout_loops_ring
D:4:      layout_gridville, minmay_temple_entry_junction_2, uniq_pikel
D:5:      layout_rooms
D:6:      layout_basic
D:7:      layout_rooms, interstate_on_off
D:8:      layout_basic, erik_lair_orcish_takeover, enter_bailey_5
D:9:      layout_loops_ring, serial_shops, nicolae_shop_bloodbath_and_beyond,
          nicolae_shop_gibbet_a_chance, shop, nicolae_stop_n_shop_2,
          nicolae_figureground_sparkle, uniq_erolcha
D:10:     cheibrodos_two_vegetables, layout_cave_pools, old_standard_altar,
          hiddenorc2_lemuel
D:11:     layout_gridville
Temple:   mainiacjoe_temple_trianglar_array
Lair:1:   layout_loops_ring
Lair:2:   regret_index_combs_of_tragedy, layout_regular_city,
          spider_nest_entry_rubble

Skill      XL: |  1  2  3  4  5  6  7  8  9 10 11 12 |
---------------+-------------------------------------+-----
Dodging        | 2 3 4 5 6 8 9 |  9.5
Stealth        | 2 |  2.0
Fighting       | 1 2 3 4 5 7 8 9 10 | 10.1
Necromancy     | 5 6 7 9 10 11 | 11.9
Spellcasting   | 3 4 5 6 8 9 |  9.6

Action                     |  1- 3 |  4- 6 |  7- 9 | 10-12 || total
---------------------------+-------+-------+-------+-------++-------
  Melee: Dagger            |    15 |       |       |       ||    15
         Unarmed           |     3 |       |       |       ||     3
         Punch             |     1 |     2 |       |     3 ||     6
         Short sword       |       |    38 |    96 |       ||   134
         Spear             |       |     1 |    16 |    45 ||    62
         Tailslap          |       |     7 |    21 |    20 ||    48
         Rapier            |       |       |       |    89 ||    89
   Cast: Necrotise         |    51 |   103 |   144 |    71 ||   369
         Vampiric Draining |       |     9 |    87 |    88 ||   184
         Animate Dead      |       |       |       |     4 ||     4
         Curse of Agony    |       |       |       |     3 ||     3
    Use: Scroll            |       |       |       |    14 ||    14
   Stab: Sleeping          |       |     1 |       |       ||     1
         Distracted        |       |       |       |     2 ||     2
 Armour: Robe              |    13 |    27 |   129 |    12 ||   181
         Steam dragon scal |       |       |       |   189 ||   189
  Dodge: Dodged            |    26 |    34 |   146 |   173 ||   379
